cohdb
Replays
Latest Replays
All Replays
Popular Replays
Top Player Replays
Match Explorer
How It Works
Community
CoH3 Stats
Reddit
Sign in to upload your games and track your stats! →
Sign in with Steam
Match 41342377
Unlisted
Match 41342377
Overview
Messages
Build Orders
End
Construct Infanterie Kompanie
Grenadier Squad
Selects Breakthrough Battlegroup
Selects Assault Grenadiers
Grenadier Squad
Grenadier Squad
Grenadier Squad
Infanterie Officer Quarters
Selects Breakthrough
Breakthrough
Construct Luftwaffe Kompanie
Flak 30 Anti-aircraft Gun Team
Selects Mechanized Assault Group
Construct Panzergrenadier Kompanie
Mechanized Assault Group
Support Elements
Selects Rapid Production
Selects Blitzkrieg
StuG III G Assault Gun
MG 42 Machine Gun Team
Pioneer Squad
Breakthrough
StuG III G Assault Gun
Nebelwerfer 42 Rocket Launcher Team
Breakthrough
Dunkerque
NEP_wilson_NEP
实力不足只能当老六了
MoronPark-四海云水怒
0
0
Comments
sign in to comment!
No comments posted yet!